MID
GREAT LAKES LOONS @ AUGUSTA GREENJACKETS
05/05/2044
 
TOP OF THE 1ST
Great Lakes Loons batting - Pitching for Augusta GreenJackets : RHP Israel Alvarado
Pitching: RHP Israel Alvarado
Batting: RHB Ken Jenkins 0-0: Called Strike
0-1: Ball
1-1: Ball
2-1: Foul Ball, location: 2F
2-2: Foul Ball, location: 2F
2-2: Ball
3-2: Foul Ball, location: 2F
3-2: Strikes out swinging
Batting: RHB Alex Mejia 0-0: Ball
1-0: Ball
2-0: Ball
3-0: Called Strike
3-1: Fly out, F3 (Line Drive, 3, EV 65.6 MPH)
Batting: LHB Antonio Luis 0-0: Ball
1-0: Called Strike
1-1: Ball
2-1: Ground out 4-3 (Groundball, 34, EV 88.8 MPH)
Top of the 1st over - 0 runs, 0 hits, 0 errors, 0 left on base; Great Lakes 0 - Augusta 0
BOTTOM OF THE 1ST
Augusta GreenJackets batting - Pitching for Great Lakes Loons : RHP Adonis Loyd
Pitching: RHP Adonis Loyd
Batting: RHB Danny Gallo 0-0: Called Strike
0-1: Ball
1-1: Ball
2-1: Ball
3-1: Foul Ball, location: 2F
3-2: Foul Ball, location: 2F
3-2: SINGLE (Groundball, 5S, EV 75.6 MPH) (infield hit)
Batting: RHB Chris King 0-0: Ball
1-0: Foul Ball, location: 2F
1-1: Foul Ball, location: 2F
1-2: Foul Ball, location: 2F
1-2: Foul Ball, location: 2F
1-2: Ball
2-2: Fly out, F8 (Line Drive, 8LM, EV 88.8 MPH)
Batting: LHB Carey Horncole 0-0: Ball
1-0: Foul Ball, location: 2F
1-1: Called Strike
Danny Gallo steals 2nd base
1-2: Ground out 4-3 (Groundball, 4, EV 88.1 MPH)
Danny Gallo to third
Batting: LHB Gabe Velez 0-0: Foul Ball, location: 2F
0-1: Ball
1-1: Called Strike
1-2: Strikes out swinging
Bottom of the 1st over - 0 runs, 1 hit, 0 errors, 1 left on base; Great Lakes 0 - Augusta 0
TOP OF THE 2ND
Great Lakes Loons batting - Pitching for Augusta GreenJackets : RHP Israel Alvarado
Batting: RHB Mike Sims 0-0: Ball
1-0: Ball
2-0: SINGLE (Flyball, 56D, EV 98.8 MPH)
Batting: LHB Jim Chalk 0-0: Ball
Wild Pitch!
Mike Sims to second
1-0: Swinging Strike
1-1: Ball
2-1: Ground out 5-3 (Groundball, 5S, EV 69.4 MPH)
Mike Sims to third
Batting: LHB Alberto Chavez 0-0: Foul Ball, location: 2F
0-1: Foul Ball, location: 2F
0-2: Ground out 4-3 (Groundball, 34D, EV 105.6 MPH)
Mike Sims scores
Batting: RHB Phil Knox 0-0: Fly out, F9 (Line Drive, 9, EV 88.8 MPH)
Top of the 2nd over - 1 run, 1 hit, 0 errors, 0 left on base; Great Lakes 1 - Augusta 0
BOTTOM OF THE 2ND
Augusta GreenJackets batting - Pitching for Great Lakes Loons : RHP Adonis Loyd
Batting: RHB Omar Jordan 0-0: Foul Ball, location: 2F
0-1: Called Strike
0-2: Ball
1-2: Strikes out swinging, 2-3 out at first.
Batting: LHB Pong-keun Koh 0-0: Ball
1-0: Ball
2-0: Called Strike
2-1: Fly out, F8 (Flyball, 8RXD, EV 86.9 MPH)
Batting: RHB Drew Duncan 0-0: Called Strike
0-1: Ball
1-1: Called Strike
1-2: Strikes out swinging
Bottom of the 2nd over - 0 runs, 0 hits, 0 errors, 0 left on base; Great Lakes 1 - Augusta 0
TOP OF THE 3RD
Great Lakes Loons batting - Pitching for Augusta GreenJackets : RHP Israel Alvarado
Batting: RHB Josh Kimbrell 0-0: Ball
1-0: Called Strike
1-1: Ball
2-1: Ground out 5-3 (Groundball, 56, EV 81.9 MPH)
Batting: RHB Santos Guadalupe 0-0: Ball
1-0: DOUBLE (Flyball, 8LXD, EV 106.9 MPH)
Batting: RHB Ken Jenkins 0-0: Called Strike
0-1: Called Strike
0-2: Ball
1-2: Ground out 2-3 (Groundball, 2R, EV 66.9 MPH)
Santos Guadalupe to third
Batting: RHB Alex Mejia 0-0: Swinging Strike
0-1: Ball
Wild Pitch!
Santos Guadalupe scores
1-1: Ball
2-1: Foul Ball, location: 2F
2-2: Strikes out swinging
Top of the 3rd over - 1 run, 1 hit, 0 errors, 0 left on base; Great Lakes 2 - Augusta 0
BOTTOM OF THE 3RD
Augusta GreenJackets batting - Pitching for Great Lakes Loons : RHP Adonis Loyd
Batting: RHB Doug Kennie 0-0: Called Strike
0-1: Reached on error, E1 (Groundball, 15, EV 70.6 MPH)
Batting: RHB Alfredo Lemus 0-0: Ball
1-0: Ball
2-0: Ball
3-0: Called Strike
3-1: Base on Balls
Doug Kennie to second
Batting: RHB Danny Gallo 0-0: Ball
1-0: Foul Ball, location: 2F
1-1: DOUBLE (Flyball, 8RXD, EV 106.2 MPH)
Doug Kennie scores
Alfredo Lemus to third
Batting: RHB Chris King 0-0: Called Strike
0-1: Swinging Strike
0-2: Strikes out swinging
Batting: LHB Carey Horncole 0-0: SINGLE (Groundball, 6MD, EV 96.2 MPH)
Alfredo Lemus scores
Danny Gallo to third
Runner from 3rd tries for Home, SAFE, throw by CF to home
Batting: LHB Gabe Velez 0-0: Ball
1-0: Called Strike
1-1: Ball
Carey Horncole steals 2nd base (no throw)
2-1: Foul Ball, location: 2F
2-2: Strikes out swinging
Batting: RHB Omar Jordan 0-0: Ball
Carey Horncole steals 3rd base
1-0: Called Strike
1-1: Swinging Strike
1-2: Strikes out swinging
Bottom of the 3rd over - 3 runs, 2 hits, 1 error, 1 left on base; Great Lakes 2 - Augusta 3
TOP OF THE 4TH
Great Lakes Loons batting - Pitching for Augusta GreenJackets : RHP Israel Alvarado
Batting: LHB Antonio Luis 0-0: Ball
1-0: Foul Ball, location: 2F
1-1: Ball
2-1: Ball
3-1: Ground out 3-1 (Groundball, 34S, EV 90.6 MPH)
Batting: RHB Mike Sims 0-0: Called Strike
0-1: Swinging Strike
0-2: Ball
1-2: Strikes out swinging
Batting: LHB Jim Chalk 0-0: Ball
1-0: Foul Ball, location: 2F
1-1: Swinging Strike
1-2: Strikes out swinging
Top of the 4th over - 0 runs, 0 hits, 0 errors, 0 left on base; Great Lakes 2 - Augusta 3
BOTTOM OF THE 4TH
Augusta GreenJackets batting - Pitching for Great Lakes Loons : RHP Adonis Loyd
Batting: LHB Pong-keun Koh 0-0: Called Strike
0-1: Ball
1-1: Foul Ball, location: 2F
1-2: Strikes out swinging
Batting: RHB Drew Duncan 0-0: SOLO HOME RUN (Flyball, 78XD, EV 108.1 MPH), Distance : 413 ft
Batting: RHB Doug Kennie 0-0: Ground out 4-3 (Groundball, 4MD, EV 106.9 MPH)
Batting: RHB Alfredo Lemus 0-0: Ground out 6-3 (Groundball, 6, EV 104.4 MPH)
Bottom of the 4th over - 1 run, 1 hit, 0 errors, 0 left on base; Great Lakes 2 - Augusta 4
TOP OF THE 5TH
Great Lakes Loons batting - Pitching for Augusta GreenJackets : RHP Israel Alvarado
Batting: LHB Alberto Chavez 0-0: Ball
1-0: Called Strike
1-1: Ball
2-1: Swinging Strike
2-2: Foul Ball, location: 2F
2-2: Ball
3-2: Base on Balls
Batting: RHB Phil Knox 0-0: Ball
1-0: Ball
2-0: Ball
3-0: Base on Balls
Alberto Chavez to second
Batting: RHB Josh Kimbrell 0-0: Ball
1-0: Foul Ball, location: 2F
1-1: Called Strike
1-2: Strikes out swinging
Batting: RHB Santos Guadalupe 0-0: Ball
1-0: Ball
2-0: Foul Ball, location: 2F
2-1: Ball
3-1: Foul Ball, location: 2F
3-2: Strikes out looking
Batting: RHB Ken Jenkins 0-0: Ball
1-0: Swinging Strike
1-1: Ball
2-1: Foul Ball, location: 2F
2-2: Strikes out swinging
Top of the 5th over - 0 runs, 0 hits, 0 errors, 2 left on base; Great Lakes 2 - Augusta 4
BOTTOM OF THE 5TH
Augusta GreenJackets batting - Pitching for Great Lakes Loons : RHP Adonis Loyd
Batting: RHB Danny Gallo 0-0: Ball
1-0: Foul Ball, location: 2F
1-1: Ball
2-1: Ball
3-1: Fly out, F9 (Line Drive, 9, EV 91.9 MPH)
Batting: RHB Chris King 0-0: Ground out 5-3 (Groundball, 56S, EV 81.2 MPH)
Batting: LHB Carey Horncole 0-0: Ball
1-0: Swinging Strike
1-1: Foul Ball, location: 2F
1-2: Foul Ball, location: 2F
1-2: SINGLE (Line Drive, 4M, EV 99.4 MPH)
Batting: LHB Gabe Velez 0-0: Ball
1-0: Called Strike
1-1: Foul Ball, location: 2F
1-2: Foul Ball, location: 2F
1-2: Ball
Carey Horncole steals 2nd base (no throw)
2-2: Ground out 6-3 (Groundball, 6, EV 78.8 MPH)
Bottom of the 5th over - 0 runs, 1 hit, 0 errors, 1 left on base; Great Lakes 2 - Augusta 4
TOP OF THE 6TH
Great Lakes Loons batting - Pitching for Augusta GreenJackets : RHP Israel Alvarado
Pitching: RHP Mike Richards
Batting: RHB Alex Mejia 0-0: DOUBLE (Line Drive, 9LS, EV 102.5 MPH)
Batting: LHB Antonio Luis 0-0: Called Strike
0-1: Ball
1-1: Foul Ball, location: 2F
1-2: Ground out U3 (Groundball, 3, EV 85.0 MPH)
Alex Mejia to third
Batting: RHB Mike Sims 0-0: Foul Ball, location: 2F
0-1: Ball
1-1: Foul Ball, location: 2F
1-2: SINGLE (Flyball, 7LS, EV 91.9 MPH)
Alex Mejia scores
Batting: LHB Jim Chalk 0-0: Swinging Strike
0-1: Ball
1-1: Ball
2-1: Grounds into double play, 6-4-3 (Groundball, 6, EV 103.8 MPH)
Top of the 6th over - 1 run, 2 hits, 0 errors, 0 left on base; Great Lakes 3 - Augusta 4
BOTTOM OF THE 6TH
Augusta GreenJackets batting - Pitching for Great Lakes Loons : RHP Adonis Loyd
Batting: RHB Omar Jordan 0-0: SINGLE (Flyball, 89M, EV 83.8 MPH)
Batting: LHB Pong-keun Koh 0-0: Called Strike
0-1: Called Strike
0-2: Fielders Choice at 2nd, 4-6 (Groundball, 4, EV 100.0 MPH)
Batting: RHB Drew Duncan 0-0: Called Strike
0-1: Called Strike
0-2: Foul Ball, location: 2F
0-2: Ball
1-2: 2-RUN HOME RUN (Flyball, 7D, EV 105.0 MPH), Distance : 392 ft
Pitching: RHP Bobby Primaticcio
Batting: RHB Doug Kennie 0-0: Foul Ball, location: 2F
0-1: Ball
1-1: Ball
2-1: Swinging Strike
2-2: Foul Ball, location: 2F
2-2: Strikes out looking
Batting: RHB Alfredo Lemus 0-0: Swinging Strike
0-1: Ball
1-1: Foul Ball, location: 2F
1-2: Ball
2-2: Ball
3-2: Reached on error, E5 (Groundball, 56, EV 103.8 MPH)
Batting: RHB Danny Gallo 0-0: Ball
1-0: Called Strike
1-1: Called Strike
1-2: Fly out, F9 (Flyball, 9, EV 92.5 MPH)
Bottom of the 6th over - 2 runs, 2 hits, 1 error, 1 left on base; Great Lakes 3 - Augusta 6
TOP OF THE 7TH
Great Lakes Loons batting - Pitching for Augusta GreenJackets : RHP Mike Richards
Pitching: RHP Lorenzo Merjil
Batting: LHB Alberto Chavez 0-0: Called Strike
0-1: Ball
1-1: Ball
2-1: Ball
3-1: Base on Balls
Batting: RHB Phil Knox 0-0: Ball
1-0: Ball
2-0: Grounds into double play, 4-6-3 (Groundball, 4M, EV 100.0 MPH)
Batting: RHB Josh Kimbrell 0-0: Ball
1-0: Called Strike
1-1: Foul Ball, location: 2F
1-2: Ball
2-2: Ball
3-2: Foul Ball, location: 2F
3-2: Ground out 5-3 (Groundball, 56, EV 88.1 MPH)
Top of the 7th over - 0 runs, 0 hits, 0 errors, 0 left on base; Great Lakes 3 - Augusta 6
BOTTOM OF THE 7TH
Augusta GreenJackets batting - Pitching for Great Lakes Loons : RHP Bobby Primaticcio
Pitching: RHP Angel Rivas
Batting: RHB Chris King 0-0: Called Strike
0-1: Swinging Strike
0-2: Ground out 6-3 (Groundball, 6, EV 81.2 MPH)
Batting: LHB Carey Horncole 0-0: Ball
1-0: Ball
2-0: Foul Ball, location: 2F
2-1: Ball
3-1: Base on Balls
Batting: LHB Gabe Velez 0-0: Called Strike
0-1: Ball
Carey Horncole is caught stealing 2nd base 2-6
1-1: Swinging Strike
1-2: Ball
2-2: Ball
3-2: Foul Ball, location: 2F
3-2: SINGLE (Line Drive, 8LS, EV 91.9 MPH)
Batting: RHB Omar Jordan 0-0: Ball
Gabe Velez is caught stealing 2nd base 2-4
Bottom of the 7th over - 0 runs, 1 hit, 0 errors, 0 left on base; Great Lakes 3 - Augusta 6
TOP OF THE 8TH
Great Lakes Loons batting - Pitching for Augusta GreenJackets : RHP Lorenzo Merjil
Pitching: RHP Ron Riley
Batting: RHB Santos Guadalupe 0-0: Ball
1-0: Foul Ball, location: 2F
1-1: Foul Ball, location: 2F
1-2: Ball
2-2: Foul Ball, location: 2F
2-2: Foul Ball, location: 2F
2-2: DOUBLE (Line Drive, 3D, EV 108.8 MPH)
Batting: RHB Ken Jenkins 0-0: Swinging Strike
0-1: Ball
1-1: Ground out 4-3 (Groundball, 4, EV 82.5 MPH)
Santos Guadalupe to third
Batting: RHB Alex Mejia 0-0: Called Strike
0-1: Ball
1-1: Ball
2-1: Swinging Strike
2-2: Strikes out swinging
Batting: LHB Antonio Luis 0-0: Called Strike
0-1: Called Strike
0-2: Strikes out swinging
Top of the 8th over - 0 runs, 1 hit, 0 errors, 1 left on base; Great Lakes 3 - Augusta 6
BOTTOM OF THE 8TH
Augusta GreenJackets batting - Pitching for Great Lakes Loons : RHP Angel Rivas
Pitching: RHP Mark McDonald
Batting: RHB Omar Jordan 0-0: Called Strike
0-1: Ball
1-1: Ball
2-1: Foul Ball, location: 2F
2-2: DOUBLE (Line Drive, 7D, EV 93.8 MPH)
Batting: LHB Pong-keun Koh 0-0: Intentional Walk
Batting: RHB Drew Duncan 0-0: Called Strike
0-1: Called Strike
0-2: Ball
1-2: Ball
2-2: Ball
3-2: Base on Balls
Omar Jordan to third
Pong-keun Koh to second
Batting: RHB Doug Kennie 0-0: Foul Ball, location: 2F
0-1: Grounds into fielders choice 4-2 (Groundball, 4, EV 88.8 MPH)
Pong-keun Koh to third
Drew Duncan to second
Batting: RHB Alfredo Lemus 0-0: Ball
1-0: Ball
2-0: Foul Ball, location: 2F
2-1: Foul Ball, location: 2F
2-2: Fly out, F8 (Flyball, 89D, EV 91.2 MPH)
Runner from 3rd tags up, SCORES, throw by CF
Drew Duncan to third
Batting: RHB Danny Gallo 0-0: Ball
1-0: Called Strike
1-1: Swinging Strike
1-2: Strikes out swinging
Bottom of the 8th over - 1 run, 1 hit, 0 errors, 2 left on base; Great Lakes 3 - Augusta 7
TOP OF THE 9TH
Great Lakes Loons batting - Pitching for Augusta GreenJackets : RHP Ron Riley
Pitching: RHP John Bittinger
Batting: RHB Mike Sims 0-0: Called Strike
0-1: Ball
1-1: Ball
2-1: Ball
3-1: Foul Ball, location: 2F
3-2: Base on Balls
Batting: LHB Jim Chalk 0-0: Ball
1-0: Called Strike
1-1: Ball
2-1: Ball
3-1: Ground out 6-3 (Groundball, 6M, EV 105.0 MPH)
Mike Sims to second
Batting: LHB Alberto Chavez 0-0: Swinging Strike
0-1: Ball
1-1: Ball
2-1: Foul Ball, location: 2F
2-2: Foul Ball, location: 2F
2-2: Foul Ball, location: 2F
2-2: Ball
3-2: Strikes out swinging
Batting: RHB Phil Knox 0-0: Ground out 5-3 (Groundball, 5S, EV 89.4 MPH)
Top of the 9th over - 0 runs, 0 hits, 0 errors, 1 left on base; Great Lakes 3 - Augusta 7
Thursday, March 31st , 2022 - OOTP Baseball 22.12 Build 89